 Dungeon Sprint DCSS version 0.22.1-1-ga44c0e56f4 (webtiles) character file.

92 MuseOD the Covert (level 4, -1/25 HPs)
             Began as a Spriggan Enchanter on Sept 26, 2018.
             Was a Follower of Dithmenos.
             Slain by a yaktaur (19 damage)
             ... in the Dungeon (Sprint V: "Ziggurat Sprint").
             The game lasted 00:01:22 (338 turns).

MuseOD the Covert (Spriggan Enchanter)               Turns: 338, Time: 00:01:22

Health: -1/25      AC:  2    Str:  4    XL:     4   Next: 35%
Magic:  7/9        EV: 19    Int: 23    God:    Dithmenos [*.....]
Gold:   0          SH:  0    Dex: 22    Spells: 2/8 levels left

rFire    . . .     SeeInvis +   E - +5 quick blade
rCold    . . .     Gourm    .   (shield restricted)
rNeg     . . .     Faith    .   b - +0 robe
rPois    .         Spirit   .   (helmet restricted)
rElec    .         Reflect  .   (no cloak)
rCorr    .         Harm     .   (gloves unavailable)
MR       .....     NoTele   +   (boots unavailable)
Stlth    +++++.....             (no amulet)
HPRegen  0.08/turn              v - +6 ring of dexterity
MPRegen  0.11/turn              x - +6 ring of intelligence

@: wreathed by umbra, very quick
A: very small, unfitting armour, see invisible, herbivore, speed 3, slow
metabolism 2
a: Renounce Religion


You were in the Dungeon.
You worshipped Dithmenos.
Dithmenos was aware of your devotion.
You were not hungry.

You visited 1 branch

Inventory:

Hand Weapons
 E - a +5 quick blade (weapon)
Armour
 b - a +0 robe (worn)
Jewellery
 v - a +6 ring of dexterity (left hand)
 x - a +6 ring of intelligence (right hand)
Wands
 B - a wand of disintegration (7)
 C - a wand of iceblast (7)
 D - a wand of acid (6)
Scrolls
 j - 4 scrolls of blinking
 p - 4 scrolls of amnesia
 q - 7 scrolls of fog
 r - a scroll of holy word
 s - 5 scrolls of identify
 t - 5 scrolls of remove curse
 u - 2 scrolls of fear
Potions
 c - 2 potions of brilliance
 e - 10 potions of curing
 f - 10 potions of heal wounds
 g - 6 potions of haste
 h - 7 potions of magic
 i - 3 potions of berserk rage
 k - 2 potions of invisibility
 l - 4 potions of resistance
 n - 5 potions of agility
 o - 5 potions of might
Comestibles
 d - 7 rations


   Skills:
 + Level 3.7 Fighting
 * Level 7.3 Short Blades
 - Level 3.0 Dodging
 + Level 8.6 Stealth
 + Level 2.6 Spellcasting
 + Level 3.6 Hexes
 - Level 4.1 Evocations


You had 2 spell levels left.
You knew the following spells:

 Your Spells              Type           Power        Failure   Level  Hunger
a - Corona                Hex            ###....      2%          1    None
b - Ensorcelled Hibernat  Hex/Ice        ##....       9%          2    ##.....
c - Confuse               Hex            ###.....     9%          3    ###....

Your spell library contained the following spells:

 Spells                   Type           Power        Failure   Level  Hunger
 Tukima's Dance           Hex            ###.....     9%          3    ###....
 Dazzling Spray           Conj/Hex       ##....       17%         3    ###....


Dungeon Overview and Level Annotations

Branches:
Dungeon (1/1)

Altars:
Ashenzari
Cheibriados
Dithmenos
Elyvilon
Fedhas
Gozag
Hepliaklqana
Kikubaaqudgha
Makhleb
Nemelex Xobeh
Okawaru
Qazlal
Ru
Sif Muna
Trog
Uskayaw
Vehumet
Wu Jian
Xom
Yredelemnul
Zin
The Shining One
Beogh
Jiyva
Lugonu

Annotations:
D 1 transporter


Innate Abilities, Weirdness & Mutations

You are very small and have problems with some larger weapons.
You are too small for most types of armour.
You have supernaturally acute eyesight. (SInv)
You are a herbivore.
You cover ground extremely quickly.
You need to consume almost no food.


Message History

The centaur wields a shortbow.
The centaur shoots an arrow.
The arrow closely misses you.
You see here an arrow.
Casting: Ensorcelled Hibernation (safe; 9% risk of failure)
Confirm with . or Enter, or press ? or * to list all spells.
You don't know that spell.
The yaktaur hits you but does no damage.
The centaur unwields an uncursed shortbow.
The centaur closely misses you.
The centaur unwields an uncursed shortbow.
The centaur barely misses you.
Casting: Ensorcelled Hibernation (safe; 9% risk of failure)
Confirm with . or Enter, or press ? or * to list all spells.
Aiming: Ensorcelled Hibernation (safe; 9% risk of failure)
Press: ? - help, Shift-Dir - straight line, f - yaktaur
Aim: a yaktaur (umbra, chance to defeat MR: 26%)
The yaktaur resists with almost no effort.
The yaktaur hits you!!
Ouch! That really hurt!
You die...

▓▓▓▓▓▓▓▓▓▓▓▓▓▓▓▓▓▓▓
▓.8©8.▓.8©8.▓.8©8.▓
▓.|cc.▓.)[).▓.....▓
▓.cc@.▓..)).▓.|.).▓
▓...(.▓.....▓.....▓
▓.....▓.....▓.....▓
▓....(▓.....▓..©..▓
▓..©..▓..©..▓▓▓▓▓▓▓
▓▓▓▓▓▓▓▓▓▓▓▓▓


You could see 2 yaktaurs and 2 centaurs.

Vanquished Creatures
  2 orc priests (D)
  2 mummies (D)
  An orc (D)
5 creatures vanquished.

Vanquished Creatures (others)
  A spatial maelstrom (D)
1 creature vanquished.

Grand Total: 6 creatures vanquished

Notes
Turn   | Place    | Note
-------+----------+-------------------------------------------
     0 | D        | Found the +6 Majin-Bo {vamp, Archmagi MP+6 Int+6}
     0 | D        | Found the +7 great mace "Firestarter" {inner flame, rF++}
     0 | D        | MuseOD the Spriggan Enchanter began the quest for the Orb.
     0 | D        | Reached XP level 1. HP: 9/9 MP: 5/5
     0 | D        | Found a blossoming altar of Fedhas.
     1 | D        | Found a deep blue altar of Sif Muna.
     1 | D        | Found a sacrificial altar of Ru.
     1 | D        | Found a bloodstained altar of Trog.
     1 | D        | Found a stormy altar of Qazlal.
     1 | D        | Found an iron altar of Okawaru.
     1 | D        | Found a sparkling altar of Nemelex Xobeh.
     3 | D        | Found a transporter.
     3 | D        | Found an ancient bone altar of Kikubaaqudgha.
     3 | D        | Found a viscous altar of Jiyva.
     3 | D        | Found a corrupted altar of Lugonu.
     3 | D        | Found a hazy altar of Hepliaklqana.
     3 | D        | Found a burning altar of Makhleb.
     3 | D        | Found an opulent altar of Gozag.
    20 | D        | Banished a spatial maelstrom
    40 | D        | Became a worshipper of Dithmenos the Shadowed
    41 | D        | Reached skill level 5 in Short Blades
    41 | D        | Reached skill level 6 in Stealth
    41 | D        | Reached XP level 2. HP: 16/16 MP: 6/6
    45 | D        | Learned a level 2 spell: Ensorcelled Hibernation
    52 | D        | Entered arena 2.
    52 | D        | Found a transporter.
    55 | D        | Reached skill level 7 in Stealth
    56 | D        | Reached XP level 3. HP: 19/19 MP: 8/8
    61 | D        | Learned a level 3 spell: Confuse
    64 | D        | Entered arena 3.
    64 | D        | Found a transporter.
    72 | D        | Reached * piety under Dithmenos
    72 | D        | Reached skill level 8 in Stealth
    78 | D        | Reached XP level 4. HP: 13/25 MP: 0/9
   333 | D        | Entered arena 4.
   333 | D        | Noticed a yaktaur
   333 | D        | Noticed a centaur
   333 | D        | Noticed a centaur
   333 | D        | Noticed a yaktaur
   333 | D        | Found a transporter.
   338 | D        | Slain by a yaktaur

Skill      XL: |  1  2  3 |
---------------+----------+-----
Fighting       | 2 3 |  3.7
Short Blades   | 5 7 |  7.3
Stealth        | 6 7 8 |  8.6
Evocations     | 4 |  4.1
Dodging        | |  3.0
Spellcasting   | |  2.6
Hexes          | |  3.6

Action                   |  1- 3 |  4- 6 || total
-------------------------+-------+-------++-------
Melee: Quick blade       |     8 |     6 ||    14
 Cast: Ensorcelled Hiber |     4 |     1 ||     5
Evoke: Wand              |     1 |       ||     1
  Use: Potion            |     1 |       ||     1
 Stab: Sleeping          |     2 |       ||     2
Armor: Robe              |     2 |     1 ||     3
Dodge: Dodged            |     7 |     5 ||    12
